 Dungeon Crawl Stone Soup version 0.31-a0-868-g674d60d6f7 (webtiles) character file.

Game seed: 17592581496048930794

3 bobo the Chopper (level 1, -2/23 HPs)
             Began as a Gnoll Chaos Knight on Oct 11, 2023.
             Was a Plaything of Xom.
             Frozen to death by an endoplasm (4 damage)
             ... on level 1 of the Dungeon.
             The game lasted 00:00:21 (80 turns).

bobo the Chopper (Gnoll Chaos Knight)                 Turns: 80, Time: 00:00:23

Health: -2/23      AC:  5    Str: 11    XL:     1   Next: 50%
Magic:  1/1        EV: 11    Int: 11    God:    Xom [..*...]
Gold:   0          SH:  0    Dex: 11    Spells: 0/0 levels left

rFire   . . .        a - +0 hand axe (chaos)
rCold   . . .        (no shield)
rNeg    . . .        b - +2 leather armour
rPois   .            (no helmet)
rElec   .            (no cloak)
rCorr   .            (no gloves)
SInv    .            (no boots)
Will    .....        (no amulet)
Stlth   +            (no ring)
HPRegen 0.23/turn    (no ring)
MPRegen 0.07/turn

%: no passive effects
@: invisible
A: fangs 1, strong nose, distributed training
a: Renounce Religion


You were on level 1 of the Dungeon.
You worshipped Xom.
You were a toy of Xom.
You visited 1 branch of the dungeon, and saw 1 of its levels.

Inventory:

Hand Weapons
 a - a +0 hand axe of chaos (weapon)
Armour
 b - a +2 leather armour (worn)
Scrolls
 c - a scroll of butterflies
Potions
 d - a potion of brilliance {unknown}


   Skills:
 + Level 6.4 Fighting
 + Level 0.0 Short Blades
 + Level 0.0 Long Blades
 + Level 6.4 Axes
 + Level 0.0 Maces & Flails
 + Level 0.0 Polearms
 + Level 0.0 Staves
 + Level 0.0 Ranged Weapons
 + Level 0.0 Throwing
 + Level 4.4 Armour
 + Level 2.3 Dodging
 + Level 0.0 Stealth
 + Level 0.0 Shields
 + Level 0.0 Unarmed Combat
 + Level 0.0 Spellcasting
 + Level 0.0 Conjurations
 + Level 0.0 Hexes
 + Level 0.0 Summonings
 + Level 0.0 Necromancy
 + Level 0.0 Translocations
 + Level 0.0 Transmutations
 + Level 0.0 Fire Magic
 + Level 0.0 Ice Magic
 + Level 0.0 Air Magic
 + Level 0.0 Earth Magic
 + Level 0.0 Poison Magic
 + Level 0.1 Invocations
 + Level 0.0 Evocations
 + Level 0.0 Shapeshifting


You couldn't memorise any spells.
You didn't know any spells.
Your spell library was empty.

Dungeon Overview and Level Annotations

Branches:
Dungeon (1/15)

Altars:


Innate Abilities, Weirdness & Mutations

You have very sharp teeth.
Your uncanny sense of smell can sniff out nearby items.
Your experience applies equally to all skills.


Message History

You closely miss the kobold. Your bite misses the kobold.
You closely miss the kobold. The kobold hits you but does no damage.
Space warps horribly around you!
Ouch! That really hurt!
* * * LOW HITPOINT WARNING * * *
A hobgoblin comes into view.
The hobgoblin shouts!
You hit the hobgoblin but do no damage. "Go forth and cause havoc, mortal!"
You fade into invisibility!
The hobgoblin closely misses you.
You catch the helpless hobgoblin completely off-guard!
You hit the hobgoblin but do no damage. The hobgoblin misses you.
You catch the helpless hobgoblin completely off-guard!
You slash the hobgoblin!
You kill the hobgoblin!
You closely miss the kobold. The kobold hits you but does no damage.
You barely miss the kobold. You bite the kobold.
The kobold is moderately wounded.
The kobold misses you.
You hit the kobold.
You kill the kobold!
You barely miss the kobold. You bite the kobold, but do no damage.
The kobold closely misses you.
You barely miss the kobold. You bite the kobold.
The kobold is heavily wounded.
The kobold barely misses you.
You barely miss the kobold.
The kobold is heavily wounded.
The kobold completely misses you.
You hit the kobold. You freeze the kobold.
You kill the kobold!
You completely miss the endoplasm. The endoplasm hits you.
You hit the endoplasm.
The endoplasm seems to speed up.
Xom is mildly amused.
The endoplasm is almost dead.
The endoplasm freezes you.
* * * LOW HITPOINT WARNING * * *
The endoplasm freezes you.
You die...

.. ∆ .. .# #∆ #. ...#
∆#. #. .##.# ∆ #......
∆ #.#.. #.gK# ∆ #J#
######@#############
#............##....#..#
#......#####.##.......#
#......#####...###.##.#
#####..............#
#.######.#.#...... #.
#.....#.#.#####
.######.###.#.# #
..........#.#.#


You could see an endoplasm (fast), a hobgoblin (unable to see you) and a kobold
(unable to see you).

Vanquished Creatures
  A hobgoblin (D:1)
  2 kobolds (D:1)
3 creatures vanquished.

Notes
Turn   | Place    | Note
-------+----------+-------------------------------------------
     0 | D:1      | bobo the Gnoll Chaos Knight began the quest for the Orb.
     0 | D:1      | Reached XP level 1. HP: 23/23 MP: 1/1
    69 | D:1      | XOM: potion effect (invisibility)
    80 | D:1      | Frozen to death by an endoplasm

Illustrated notes

Levels and vault maps discovered:
D:1:      wheals_arrival_linesprint, layout_basic,
          dreamdust_ecumenical_altar_angels_and_demons, st_stairs_1,
          minmay_small_reverse_x

Action                     || total
---------------------------++-------
  Melee: Hand axe          ||    14
         Bite              ||     3
   Stab: Invisible         ||     2
 Armour: Leather armour    ||     3
  Dodge: Dodged            ||     6

Table legend: (Time is in decaauts)
 A = Elapsed time spent in this place.
 B = Non-inter-level travel time spent in this place.
 C = Inter-level travel time spent in this place.
 D = Time resting spent in this place.
 E = Time spent auto-exploring this place.
 F = Levels seen in this place.
 G = Mean time per level.
                   A        B        C        D        E       F      G
               +--------+--------+--------+--------+--------+-----+--------+
         Total |     79 |     79 |      0 |      0 |     60 |   1 |   79.0 |
       Dungeon |     79 |     79 |      0 |      0 |     60 |   1 |   79.0 |
               +--------+--------+--------+--------+--------+-----+--------+

Top non-repeatable levels by time:
     D:1: 79 daAuts
